 Dungeon Crawl Stone Soup version 0.23.1 (webtiles) character file.

Game seed: 0

106830 OdinFK the Eclecticist (level 15, 0/76 HPs)
             Began as a Deep Elf Fire Elementalist on Feb 28, 2019.
             Was a High Priest of Vehumet.
             Killed from afar by a shock serpent (5 damage)
             ... with an electric aura
             ... on level 1 of the Snake Pit on Mar 2, 2019.
             The game lasted 03:32:33 (29379 turns).

OdinFK the Eclecticist (DEFE)                      Turns: 29379, Time: 03:32:34

Health: 0/76       AC: 10    Str: 12    XL:     15   Next: 98%
Magic:  17/40      EV: 16    Int: 27    God:    Vehumet [*****.]
Gold:   1922       SH:  0    Dex: 15    Spells: 13/53 levels left

rFire    . . .     SeeInvis .   J - +2 dagger (elec)
rCold    + . .     Gourm    .   (no shield)
rNeg     + . .     Faith    .   Z - +0 steam dragon scales
rPois    .         Spirit   .   O - +0 helmet
rElec    .         Reflect  .   z - +0 cloak
rCorr    .         Harm     .   D - +1 pair of gloves
MR       +....                  M - +0 pair of boots
Stlth    +++.......             (no amulet)
HPRegen  0.22/turn              w - ring of protection from cold
MPRegen  0.27/turn              j - ring "Gaumoc Akligh" {rN+ Str+7 Slay+3}

@: no status effects
A: no striking features
a: Renounce Religion


You were on level 1 of the Snake Pit.
You worshipped Vehumet.
Vehumet was extremely pleased with you.
You were near starving.

You visited 6 branches of the dungeon, and saw 28 of its levels.
You also visited: Sewer.

You collected 1922 gold pieces.

Inventory:

Hand Weapons
 J - a +2 dagger of electrocution (weapon)
 R - a +2 dagger of venom
Armour
 z - a +0 cloak (worn)
 D - a +1 pair of gloves (worn)
 G - a scarf of cloud immunity
 M - a +0 pair of boots (worn)
 O - a +0 helmet (worn)
 Z - +0 steam dragon scales (worn)
Jewellery
 b - an uncursed ring of protection from cold
 j - the ring "Gaumoc Akligh" (right hand) {rN+ Str+7 Slay+3}
   (You acquired it on level 2 of the Shoals)

   [ring of positive energy]

   It affects your strength (+7).
   It affects your accuracy and damage with ranged weapons and melee attacks
   (+3).
   It protects you from negative energy.
 k - an uncursed ring of resist corrosion
 w - a ring of protection from cold (left hand)
 B - an uncursed ring of flight
 V - an uncursed ring of see invisible
Wands
 n - a wand of disintegration (18)
 s - a wand of polymorph (21)
 K - a wand of flame (26)
 L - a wand of scattershot (6)
 P - a wand of acid (13)
 W - a wand of paralysis (6)
 X - a wand of iceblast (12)
Scrolls
 d - 2 scrolls of summoning
 e - 12 scrolls of teleportation
 h - 11 scrolls of remove curse
 m - 9 scrolls of magic mapping
 o - a scroll of blinking
 p - 3 scrolls of fear
 r - 4 scrolls of immolation
 y - 5 scrolls of enchant armour
 A - 2 scrolls of enchant weapon
 E - a scroll of holy word {unknown}
 F - 5 scrolls of amnesia
 H - 5 scrolls of fog
 U - a scroll of vulnerability {unknown}
Potions
 f - 2 potions of resistance
 g - 3 potions of heal wounds
 i - 4 potions of agility
 l - 6 potions of flight
 q - 3 potions of cancellation
 t - 10 potions of curing
 u - 5 potions of magic
 v - 5 potions of lignification
 x - 3 potions of ambrosia
 C - 5 potions of haste
 I - a potion of berserk rage
 N - 2 potions of might
 Q - 2 potions of brilliance
 Y - 2 potions of mutation
Miscellaneous
 T - a lightning rod (4/4)
Comestibles
 c - 43 rations


   Skills:
 + Level 2.3 Fighting
 + Level 3.6 Short Blades
 + Level 6.7 Dodging
 - Level 4.0 Stealth
 + Level 19.8 Spellcasting
 + Level 15.9 Conjurations
 + Level 15.5 Fire Magic
 + Level 2.1 Air Magic
 * Level 8.8 Earth Magic
 + Level 3.8 Poison Magic
 + Level 2.0 Evocations


You had 13 spell levels left.
You knew the following spells:

 Your Spells              Type           Power        Failure   Level  Hunger
a - Airstrike             Air            #####.....   1%          4    None
b - Throw Flame           Conj/Fire      ######       0%          2    None
c - Conjure Flame         Conj/Fire      #######.     0%          3    None
d - Sticky Flame          Conj/Fire      #######.     1%          4    None
e - Fireball              Conj/Fire      #######...   1%          5    None
f - Venom Bolt            Conj/Pois      ######....   1%          5    None
g - Bolt of Magma         Conj/Fire/Erth #######...   1%          5    None
h - Iron Shot             Conj/Erth      #######...   1%          6    #......
i - Poison Arrow          Conj/Pois      ######....   1%          6    #......

Your spell library contained the following spells:

 Spells                   Type           Power        Failure   Level  Hunger
 Flame Tongue             Conj/Fire      #####        0%          1    None
 Beastly Appendage        Tmut           ####..       1%          1    None
 Sting                    Conj/Pois      ####         1%          1    None
 Summon Small Mammal      Summ           ####         1%          1    None
 Poisonous Vapours        Pois/Air       #####.       1%          2    None
 Inner Flame              Hex/Fire       ######..     1%          3    None
 Mephitic Cloud           Conj/Pois/Air  ######..     1%          3    None
 Olgreb's Toxic Radiance  Pois           #####...     1%          4    None
 Call Imp                 Summ           ####....     2%          2    None
 Sticks to Snakes         Tmut           ####....     2%          2    None
 Spider Form              Tmut/Pois      #####.....   2%          3    None
 Call Canine Familiar     Summ           ####....     4%          3    None
 Summon Guardian Golem    Hex/Summ       ####....     4%          3    None
 Summon Lightning Spire   Summ/Air       ####....     10%         4    None
 Ice Form                 Ice/Tmut       ####....     16%         4    None
 Summon Ice Beast         Ice/Summ       ####....     16%         4    None
 Blade Hands              Tmut           ####......   41%         5    None


Dungeon Overview and Level Annotations

Branches:
Dungeon (14/15)            Temple (1/1) D:7            Lair (6/6) D:8
 Shoals (3/4) Lair:2        Snake (3/4) Lair:3        Slime (0/5) Lair:6
    Orc (1/2) D:9          Vaults (0/5) D:13

Altars:
Ashenzari
Cheibriados
Dithmenos
Elyvilon
Fedhas
Gozag
Hepliaklqana
Kikubaaqudgha
Makhleb
Nemelex Xobeh
Okawaru
Qazlal
Ru
Sif Muna
Trog
Uskayaw
Vehumet
Wu Jian
Xom
Yredelemnul
Zin
The Shining One
Beogh
Jiyva

Shops:
D:9 [(   D:14 %

Portals:
Trove: D:13 (give +8 demon blade)

Annotations:
D:9 Erica
Lair:3 3 runed translucent doors, Xiemaice's ghost, journeyman DrFE
Lair:4 exclusion: oklob plant
Lair:6 3 runed translucent doors, chimenez's ghost, journeyman GnFi
Snake:3 Aizul
Orc:1 Snorg


Message History

Casting: Bolt of Magma (safe; 1% risk of failure)
Confirm with . or Enter, or press ? or * to list all spells.
Aiming: Bolt of Magma (safe; 1% risk of failure)
Press: ? - help, Shift-Dir - straight line, f/p - shock serpent
Aim: a shock serpent (severely wounded)
The bolt of magma misses the shock serpent.
The shock serpent bites you!
* * * LOW HITPOINT WARNING * * *
The shock serpent shocks you!
* * * LOW HITPOINT WARNING * * *
Casting: Bolt of Magma (safe; 1% risk of failure)
Confirm with . or Enter, or press ? or * to list all spells.
Aiming: Bolt of Magma (safe; 1% risk of failure)
Press: ? - help, Shift-Dir - straight line, f/p - shock serpent
Aim: a shock serpent (severely wounded)
The bolt of magma hits the shock serpent!!!
You kill the shock serpent!
Vehumet accepts your kill.
The air sparks with electricity, shocking you!
You die...

## #####
###.###.#..#
###...#.)....#
#.....@...# #
.......#...# #
...#######...# #
.............#
##
#..##..#.##.####
####.
#.##..###..#
#....
###...#....##
#....
#...##....#
.#....
#....#.####
.#####


There were no monsters in sight!

Vanquished Creatures
  Rupert (D:14)
  Josephine (Lair:4)
  A yaktaur captain (D:11)
  6 naga warriors
  4 centaur warriors
  8 vault guards (D:13)
  A merfolk aquamancer (Shoals:2)
  7 hydras
  5 anacondas
  A death knight (D:14)
  4 two-headed ogres
  A deep troll earth mage (D:11)
  A queen ant (Lair:2)
  Urug (D:13)
  A death yak (Lair:5)
  Nergalle (Lair:3)
  3 shock serpents
  2 naga sharpshooters
  A salamander mystic (Snake:1)
  An unseen horror (D:14)
  A sea snake (Shoals:1)
  A lindwurm (Lair:5)
  5 harpies (Shoals:1)
  3 mana vipers
  A wolf spider zombie (D:14)
  3 oklob plants (Lair:5)
  5 salamanders
  9 fauns
  5 manticores
  12 elephants
  2 guardian serpents (Snake:2)
  2 merfolk sirens (Shoals:2)
  A torpor snail (Lair:6)
  7 naga magi
  2 water nymphs
  22 black mambas
  11 spiny frogs
  A centaur skeleton (D:12)
  3 kobold demonologists (D:14)
  6 komodo dragons
  3 rime drakes
  2 freezing wraiths (D:14)
  2 ice devils (Lair:3)
  A queen bee (shapeshifter) (D:14)
  A polar bear (Lair:6)
  6 trolls
  A wind drake (Shoals:2)
  3 snapping turtles
  5 merfolk
  A harpy skeleton (D:14)
  6 slime creatures (D:12)
  8 dream sheep
  12 hippogriffs
  A vampire (D:11)
  5 water elementals
  7 wraiths
  4 hogs
  A human (D:10)
  43 yaks
  A steam dragon (D:11)
  A golden eye (shapeshifter) (D:11)
  3 basilisks
  Grum (D:9)
  20 nagas
  A warg (Orc:1)
  6 soldier ants
  9 water moccasins
  3 acid dragons
  7 porcupines
  12 sky beasts
  12 orc warriors
  4 ice beasts
  8 black bears
  A black bear (shapeshifter) (D:13)
  2 phantoms
  An eye of draining (D:12)
  A necrophage (D:10)
  10 ogres
  17 wolves
  5 centaurs
  11 crocodiles
  2 big kobolds
  18 bullfrogs
  A gnoll sergeant (D:8)
  A wyvern skeleton (D:9)
  5 scorpions
  12 wights
  An electric eel (Lair:1)
  5 crimson imps
  4 centaur zombies
  3 bullfrog zombies
  3 quasits
  2 jellies
  10 hounds
  17 orc wizards
  9 orc priests
  4 bullfrog skeletons
  A gnoll shaman (D:6)
  4 iguanas
  36 worker ants
  Natasha (D:1)
  A hound zombie (D:5)
  A hound skeleton (D:10)
  23 gnolls
  2 howler monkey skeletons
  14 adders
  2 river rats (Sewer)
  3 shadow imps
  A white imp (D:10)
  An adder zombie (D:6)
  3 adder skeletons
  A dart slug (D:1)
  5 worms
  4 leopard geckos
  59 orcs
  15 ball pythons
  6 bats
  6 giant cockroaches
  3 goblins
  6 hobgoblins
  21 jackals
  11 kobolds
  6 quokkas
  5 frilled lizards
  A giant cockroach zombie (D:5)
  28 rats
  5 plants
773 creatures vanquished.

Vanquished Creatures (others)
  A dart slug (D:3)
  17 fungi
  13 plants
31 creatures vanquished.

Grand Total: 804 creatures vanquished

Notes
Turn   | Place    | Note
-------+----------+-------------------------------------------
     0 | D:1      | OdinFK the Deep Elf Fire Elementalist began the quest for
                  | the Orb.
     0 | D:1      | Reached XP level 1. HP: 10/10 MP: 6/6
   241 | D:1      | Reached XP level 2. HP: 15/15 MP: 8/8
   245 | D:1      | Learned a level 2 spell: Throw Flame
   859 | D:2      | Reached XP level 3. HP: 17/19 MP: 7/10
   877 | D:2      | Found a shadowy altar of Dithmenos.
   986 | D:1      | Reached XP level 4. HP: 22/24 MP: 2/11
   991 | D:1      | Learned a level 3 spell: Conjure Flame
  1051 | D:2      | Found an ancient bone altar of Kikubaaqudgha.
  1081 | D:2      | Reached skill level 4 in Spellcasting
  1210 | D:2      | Noticed Natasha
  1229 | D:1      | Learned a level 4 spell: Sticky Flame
  1230 | D:1      | Killed Natasha
  1398 | D:2      | Reached XP level 5. HP: 28/28 MP: 4/13
  1438 | D:3      | Found an opulent altar of Gozag.
  2149 | D:4      | Noticed a phantom
  2163 | D:4      | Reached skill level 5 in Spellcasting
  2279 | D:4      | Killed a phantom
  2279 | D:4      | Reached XP level 6. HP: 33/33 MP: 3/16
  2309 | D:4      | Reached skill level 5 in Fire Magic
  2423 | D:4      | Reached skill level 6 in Spellcasting
  2592 | D:4      | Learned a level 5 spell: Fireball
  2664 | D:4      | Reached XP level 7. HP: 37/37 MP: 8/18
  2825 | D:5      | Entered Level 5 of the Dungeon
  3129 | D:5      | Reached skill level 7 in Spellcasting
  3460 | D:5      | Reached skill level 1 in Fighting
  3758 | D:6      | Reached skill level 8 in Spellcasting
  3758 | D:6      | Reached skill level 5 in Conjurations
  3758 | D:6      | Reached XP level 8. HP: 43/43 MP: 12/22
  3855 | D:6      | Found a glowing golden altar of the Shining One.
  3977 | D:6      | Reached skill level 9 in Spellcasting
  4033 | D:6      | Reached skill level 1 in Short Blades
  4134 | D:6      | Found a glowing drain.
  4153 | Sewer    | Entered a sewer
  5248 | D:7      | Found a glowing silver altar of Zin.
  5248 | D:7      | Noticed an angel
  5250 | D:7      | Found a shimmering altar of Xom.
  5354 | D:7      | Reached XP level 9. HP: 47/47 MP: 11/24
  5367 | D:7      | Reached skill level 10 in Spellcasting
  5479 | D:7      | Found a staircase to the Ecumenical Temple.
  5488 | Temple   | Entered the Ecumenical Temple
  5726 | D:7      | Reached skill level 1 in Evocations
  6105 | D:8      | Got a wavering diamond amulet
  6106 | D:8      | Identified the amulet of Zudd {Inacc +Blink rC+} (You found
                  | it on level 8 of the Dungeon)
  6154 | D:7      | Learned a level 5 spell: Venom Bolt
  6261 | D:8      | Reached skill level 11 in Spellcasting
  6741 | D:8      | Found a staircase to the Lair.
  7011 | D:8      | Reached XP level 10. HP: 52/52 MP: 22/27
  7297 | D:9      | Reached skill level 12 in Spellcasting
  7423 | D:9      | Found Ciuqex's Armour Boutique.
  7423 | D:9      | Found a staircase to the Orcish Mines.
  7423 | D:9      | Found Migipp's Weapon Boutique.
  7661 | D:9      | Noticed a two-headed ogre
  7674 | D:9      | Killed a two-headed ogre
  7805 | D:9      | Found an iron altar of Okawaru.
  7806 | D:9      | Found a shattered altar of Ashenzari.
  7821 | D:9      | Found a white marble altar of Elyvilon.
  7828 | D:9      | Found a sparkling altar of Nemelex Xobeh.
  7839 | D:9      | Found a blossoming altar of Fedhas.
  7844 | D:9      | Found a radiant altar of Vehumet.
  7848 | D:9      | Became a worshipper of Vehumet
  7858 | D:9      | Found a bloodstained altar of Trog.
  7888 | D:9      | Noticed Erica
  8071 | D:9      | Noticed Grum
  8078 | D:9      | Killed Grum
  8175 | D:10     | Entered Level 10 of the Dungeon
  8321 | D:10     | Reached skill level 13 in Spellcasting
  8630 | D:10     | Reached skill level 10 in Fire Magic
  8733 | D:10     | Reached * piety under Vehumet
  8733 | D:10     | Offered knowledge of Shock by Vehumet.
  8734 | D:10     | Reached XP level 11. HP: 56/56 MP: 11/30
  9158 | D:11     | Noticed a yaktaur captain
  9158 | D:11     | Noticed a deep troll earth mage
  9278 | Lair:1   | Entered Level 1 of the Lair of Beasts
  9350 | Lair:1   | Reached skill level 10 in Conjurations
  9989 | Lair:1   | Offered knowledge of Freeze by Vehumet.
 10005 | Lair:1   | Reached ** piety under Vehumet
 10809 | Lair:2   | Reached skill level 14 in Spellcasting
 11077 | Lair:2   | Found a staircase to the Shoals.
 11288 | Lair:2   | Offered knowledge of Ignite Poison by Vehumet.
 11391 | Lair:2   | Reached XP level 12. HP: 23/62 MP: 8/32
 11624 | Lair:2   | Noticed a queen ant
 11659 | Lair:2   | Killed a queen ant
 11953 | Lair:2   | Reached *** piety under Vehumet
 11957 | Lair:2   | Reached skill level 5 in Dodging
 12320 | Lair:3   | Noticed Nergalle
 12416 | Lair:3   | Offered knowledge of Airstrike by Vehumet.
 12422 | Lair:3   | Learned a level 4 spell: Airstrike
 12426 | Lair:3   | Found a staircase to the Snake Pit.
 12459 | Lair:3   | Reached skill level 15 in Spellcasting
 12994 | Lair:3   | Noticed a six-headed hydra
 13001 | Lair:3   | Killed a six-headed hydra
 13026 | Lair:3   | Reached **** piety under Vehumet
 13253 | Lair:3   | Found a runed translucent gate.
 13253 | Lair:3   | Found a runed translucent gate.
 13256 | Lair:3   | Found a runed translucent gate.
 13257 | Lair:3   | Noticed a death ooze
 13258 | Lair:3   | Noticed Xiemaice's ghost (journeyman DrFE)
 13260 | Lair:3   | Found a viscous altar of Jiyva.
 13466 | Lair:3   | Killed Nergalle
 13743 | Lair:4   | Offered knowledge of Bolt of Magma by Vehumet.
 13743 | Lair:4   | Reached skill level 16 in Spellcasting
 13750 | Lair:4   | Learned a level 5 spell: Bolt of Magma
 13856 | Lair:4   | Reached XP level 13. HP: 66/66 MP: 10/35
 14190 | Lair:4   | Noticed Josephine
 14205 | Lair:4   | Killed Josephine
 14446 | Lair:4   | Reached skill level 1 in Air Magic
 15127 | Lair:5   | Reached skill level 1 in Earth Magic
 15529 | Lair:5   | Reached ***** piety under Vehumet
 16711 | Orc:1    | Entered Level 1 of the Orcish Mines
 16897 | Orc:1    | Offered knowledge of Bolt of Draining by Vehumet.
 16917 | Orc:1    | Noticed Snorg
 17115 | Orc:1    | Found a roughly hewn altar of Beogh.
 17291 | D:11     | Reached skill level 17 in Spellcasting
 17876 | Lair:6   | Entered Level 6 of the Lair of Beasts
 18040 | Lair:6   | Found a runed translucent gate.
 18040 | Lair:6   | Found a runed translucent gate.
 18040 | Lair:6   | Found a runed translucent gate.
 18087 | Lair:6   | Found a viscous altar of Jiyva.
 18088 | Lair:6   | Found a staircase to the Slime Pits.
 18245 | Lair:6   | Noticed chimenez's ghost (journeyman GnFi)
 18274 | Lair:6   | Noticed a minotaur
 18926 | Snake:1  | Entered Level 1 of the Snake Pit
 18948 | Snake:1  | Reached XP level 14. HP: 72/72 MP: 21/37
 19537 | D:11     | Found a deep blue altar of Sif Muna.
 19539 | D:11     | Found a bloodstained altar of Trog.
 19601 | D:11     | Reached skill level 1 in Poison Magic
 20291 | D:12     | Reached skill level 5 in Earth Magic
 20906 | D:13     | Noticed Urug
 20910 | D:13     | Killed Urug
 21356 | D:13     | Offered knowledge of Ozocubu's Refrigeration by Vehumet.
 21468 | D:13     | Reached skill level 18 in Spellcasting
 21672 | D:13     | Found a portal to a secret trove of treasure.
 21792 | D:13     | Identified the +10 shortbow "Zesch" {freeze, Dex+9}
 21862 | D:13     | Found a gate to the Vaults.
 22347 | D:14     | Found Xacli's Food Shop.
 23135 | D:14     | Noticed Rupert
 23145 | D:14     | Killed Rupert
 23805 | Shoals:1 | Entered Level 1 of the Shoals
 23847 | Shoals:1 | Reached skill level 15 in Conjurations
 23889 | Shoals:1 | Reached XP level 15. HP: 76/76 MP: 27/39
 23918 | Shoals:1 | Offered knowledge of Iron Shot by Vehumet.
 23927 | Shoals:1 | Learned a level 6 spell: Iron Shot
 24623 | Shoals:2 | Reached skill level 19 in Spellcasting
 24645 | Shoals:2 | Identified a scroll of acquirement
 24648 | Shoals:2 | Got a heavily runed lead ring
 24650 | Shoals:2 | Identified the ring "Gaumoc Akligh" {rN+ Str+7 Slay+3} (You
                  | acquired it on level 2 of the Shoals)
 25626 | Shoals:3 | Reached skill level 15 in Fire Magic
 26820 | Snake:1  | Found a glowing silver altar of Zin.
 26929 | Snake:1  | You fall through a shaft!
 27680 | Snake:2  | Upgraded the game from 0.23.0-42-geed6394480 to 0.23.1
 28099 | Snake:2  | Found a blossoming altar of Fedhas.
 28608 | Snake:3  | Noticed Aizul
 28730 | Snake:3  | HP: 3/76 [poisoned by Aizul (bolt of poison)]
 28758 | Snake:2  | HP: 1/76 [naga sharpshooter/bolt (20)]
 29281 | Snake:1  | Offered knowledge of Poison Arrow by Vehumet.
 29289 | Snake:1  | Learned a level 6 spell: Poison Arrow
 29379 | Snake:1  | Killed from afar by a shock serpent

Skill      XL: |  1  2  3  4  5  6  7  8  9 10 11 12 13 14 15 |
---------------+----------------------------------------------+-----
Fire Magic     | 4 5 7 8 10 11 12 13 14 15 | 15.5
Stealth        | 3 4 |  4.0
Conjurations   | 2 3 4 5 6 7 9 11 13 15 | 15.9
Spellcasting   | 4 5 6 8 9 11 13 14 16 17 18 19 | 19.8
Dodging        | 3 4 5 6 |  6.7
Fighting       | 1 2 |  2.3
Short Blades   | 1 2 3 |  3.6
Evocations     | 1 2 |  2.0
Air Magic      | 1 2 |  2.1
Earth Magic    | 4 6 8 |  8.8
Poison Magic   | 3 |  3.8

Action                   |  1- 3 |  4- 6 |  7- 9 | 10-12 | 13-15 || total
-------------------------+-------+-------+-------+-------+-------++-------
Melee: Dagger            |     2 |    14 |    82 |    49 |    62 ||   209
 Cast: Flame Tongue      |    42 |    71 |   176 |   155 |       ||   444
       Throw Flame       |    12 |    42 |    96 |   175 |   263 ||   588
       Sticky Flame      |       |     2 |     2 |    66 |    69 ||   139
       Conjure Flame     |       |     1 |     8 |    15 |    14 ||    38
       Fireball          |       |       |    13 |    61 |    90 ||   164
       Venom Bolt        |       |       |       |     3 |    75 ||    78
       Airstrike         |       |       |       |     1 |    12 ||    13
       Bolt of Magma     |       |       |       |       |   247 ||   247
       Iron Shot         |       |       |       |       |     7 ||     7
Evoke: Wand              |       |       |     8 |    10 |     6 ||    24
  Use: Scroll            |       |       |     4 |    11 |    27 ||    42
       Potion            |       |       |       |       |     8 ||     8
 Stab: Sleeping          |     1 |     3 |     9 |     8 |     6 ||    27
       Distracted        |       |       |     1 |       |       ||     1
  Eat: Chunk             |       |     6 |    16 |    24 |    29 ||    75
       Ration            |       |       |       |       |     5 ||     5
Armor: Robe              |     8 |     7 |    21 |    51 |    17 ||   104
       Steam dragon scal |       |       |       |       |    27 ||    27
Dodge: Dodged            |    18 |    32 |    53 |   142 |   215 ||   460
